Map: Abyssal Reef LE

Players

IntuitioN - Winner!

  • Race: Protoss Protoss
  • Spawn Location: 11:00

A.I. 1 (Very Easy)

  • Race: Terran Terran
  • Spawn Location: 5:00

VOD

Have the link to the VOD?

Description

Time

  • Played on: April 6, 2017, 1:25 p.m.
  • Length: 5:03
Show
View Real Time Build Order
Export as new Build Order

IntuitioN Protoss - Winner!

Build Orders: 1 Gate Expand 

Get SALT Encoding   

  12  0:01  Probe (Chrono Boost)  
  13  0:11  Probe (Chrono Boost)  
  14  0:17  Pylon  
  14  0:22  Probe (Chrono Boost)  
  16  0:35  Probe (Chrono Boost)  
  16  0:37  Gateway  
  16  0:46  Probe (Chrono Boost)  
  16  0:47  Assimilator  
  17  0:57  Probe (Chrono Boost)  
  18  1:07  Probe (Chrono Boost)  
  19  1:20  Nexus  
  19  1:23  Probe (Chrono Boost)  
  20  1:33  Cybernetics Core  
  20  1:36  Probe (Chrono Boost)  
  21  1:40  Assimilator  
  21  1:46  Probe (Chrono Boost)  
  22  1:50  Pylon  
  22  1:57  Probe (Chrono Boost)  
  23  2:05  Adept  
  23  2:06  Warp Gate  
  25  2:17  Robotics Facility  
  25  2:22  Probe (Chrono Boost)  
  26  2:29  Adept  
  26  2:34  Probe (Chrono Boost)  
  29  2:37  Probe (Chrono Boost)  
  30  2:47  Probe (Chrono Boost)  
  30  2:49  Probe (Chrono Boost)  
  32  3:00  Gateway  
  32  3:01  Gateway  
  32  3:06  Gateway  
  32  3:11  Warp Prism  
  35  3:20  Sentry  
  35  3:21  Probe x2 (Chrono Boost)  
  38  3:29  Pylon  
  40  3:36  Mothership Core (Chrono Boost)  
  40  3:38  Pylon  
  41  3:43  Probe (Chrono Boost)  
  41  3:51  Observer  
  43  3:56  Probe (Chrono Boost)  
  43  3:59  Probe (Chrono Boost)  
  44  4:06  Pylon  
  44  4:10  Observer  
  44  4:11  Stalker x3  
  44  4:12  Stalker  
  53  4:33  Adept  
  53  4:35  Adept x3  
  61  4:53  Stalker  
  61  4:54  Stalker x2  
  61  4:56  Zealot  
Show
View Real Time Build Order
Export as new Build Order

A.I. 1 (Very Easy) Terran 

Build Orders:  

Get SALT Encoding   

  12  0:00  SCV  
  13  0:13  SCV  
  14  0:18  Supply Depot  
  14  0:36  Refinery  
  14  0:42  Barracks  
  14  1:06  Supply Depot  
  14  1:13  Refinery  
  14  1:29  Marine  
  14  1:30  SCV  
  16  1:43  SCV  
  17  1:55  SCV  
  18  2:04  Marine  
  18  2:07  SCV  
  20  2:19  SCV  
  21  2:31  SCV  
  22  2:39  Marine  
  22  2:43  Orbital Command  
  23  4:28  Marine, SCV  
  23  4:30  Supply Depot  
  21  4:40  SCV  
Tags
 
Add a new tag
Caveats
  • Supply blocks, unpowered buildings, or Contaminate may cause inaccurate times.
  • Supply counts are checked every 10 seconds.